 Dungeon Crawl Stone Soup version 0.28-a0-1638-g9123634e07 (webtiles) character file.

Game seed: 11328928020890997522

93 a3don the Magician (level 4, -12/51 HPs)
             Began as a Djinni Hedge Wizard on Jan 26, 2022.
             Mangled by an acid dragon (15 damage)
             ... on level 4 of the Dungeon.
             The game lasted 00:04:29 (4447 turns).

a3don the Magician (Djinni Hedge Wizard)            Turns: 4447, Time: 00:04:29

Health: -12/51     AC:  0    Str:  9    XL:     4   Next: 91%
Gold:   118        EV: 12    Int: 18    God:
                   SH:  0    Dex: 12

rFire   + + .      SeeInvis .   a - +0 dagger
rCold   x . .      Faith    .   (no shield)
rNeg    . . .      Spirit   .   b - +0 robe
rPois   ∞          Reflect  .   c - +0 hat
rElec   .          Harm     .   s - +0 cloak
rCorr   .          Rampage  .   p - +0 pair of gloves
Will    .....                   (boots unavailable)
Stlth   ..........              (no amulet)
HPRegen 0.17/turn               (no ring)
MPRegen 0.00/turn               (no ring)

@: berserking, corroded, flying, very quick
A: sickness immunity, fire resistance 2, cold vulnerability 1, float, innate
caster, hp casting, extra vitality 1
a: no special abilities


You were on level 4 of the Dungeon.
You visited 1 branch of the dungeon, and saw 4 of its levels.

You collected 118 gold pieces.

Inventory:

Hand Weapons
 a - a +0 dagger (weapon)
 n - a +0 short sword
Missiles
 o - a throwing net
Armour
 b - a +0 robe (worn)
 c - a +0 hat (worn)
 p - a +0 pair of gloves (worn)
 s - a +0 cloak (worn)
Scrolls
 e - 2 scrolls of silence {unknown}
 f - a scroll of vulnerability {unknown}
 g - 2 scrolls of summoning {unknown}
 h - a scroll of brand weapon {unknown}
 i - a scroll of magic mapping {unknown}
 j - a scroll of immolation {unknown}
 k - a scroll of blinking {unknown}
 l - 2 scrolls of amnesia {unknown}
 q - a scroll of identify {unknown}
 r - a scroll of fog {unknown}
Potions
 m - a potion of degeneration {unknown}


   Skills:
 + Level 2.7 Fighting
 - Level 2.1 Dodging
 - Level 1.5 Stealth
 + Level 3.3 Spellcasting


You couldn't memorise any spells.
You knew the following spells:

 Your Spells              Type           Power      Damage    Failure   Level
a - Magic Dart            Conj           60%        1d6       4%          1
b - Blink                 Tloc           30%        N/A       6%          2
c - Call Imp              Summ           15%        N/A       6%          2
d - Slow                  Hex            60%        N/A       4%          1
e - Conjure Flame         Conj/Fire      15%        6-21      12%         3
f - Mephitic Cloud        Conj/Pois/Air  15%        N/A       12%         3
g - Apportation           Tloc           30%        N/A       4%          1
Your spell library was empty.

Dungeon Overview and Level Annotations

Branches:
Dungeon (4/15)
 Temple: D:4-7

Altars:

Annotations:
D:3 Grinder


Innate Abilities, Weirdness & Mutations

You are immune to sickness and miasma.
You are immune to poison.
Your flesh is very heat resistant. (rF++)
You are vulnerable to cold. (rC-)
You float through the air rather than walking.
You learn spells naturally, not from books.
Your magical power is your life essence.
You have superior vitality. (+4 MHP)


Message History

Casting: Slow (safe; 4% risk of failure)
Confirm with . or Enter, or press ? or * to list all spells.
Aiming: Magic Dart (safe; 4% risk of failure)
Press: ? - help, Shift-Dir - straight line, f/p - acid dragon
Aim: an acid dragon (slow, catching its breath, ally target, 100% to hit)
The magic dart hits the acid dragon but does no damage.
The acid dragon closely misses you. x2
Casting: Magic Dart (safe; 4% risk of failure)
Confirm with . or Enter, or press ? or * to list all spells.
Aiming: Magic Dart (safe; 4% risk of failure)
Press: ? - help, Shift-Dir - straight line, f/p - acid dragon
Aim: an acid dragon (slow, ally target, 100% to hit)
The magic dart hits the acid dragon.
The acid dragon is lightly wounded.
Your crimson imp blinks!
The acid dragon spits acid at you. The splash of acid hits you!!
Ouch! That really hurt!
* * * LOW HITPOINT WARNING * * *
The acid corrodes you!
Casting: Magic Dart (safe; 4% risk of failure)
Confirm with . or Enter, or press ? or * to list all spells.
Aiming: Magic Dart (safe; 4% risk of failure)
Press: ? - help, Shift-Dir - straight line, f/p - acid dragon
Aim: an acid dragon (lightly wounded, slow, catching its breath, ally target, 100% to hit)
The magic dart hits the acid dragon but does no damage.
The acid dragon is lightly wounded.
* * * LOW HITPOINT WARNING * * *
It was a potion of berserk rage.
A red film seems to cover your vision as you go berserk!
You feel yourself moving faster!
You feel mighty!
Your crimson imp hits the acid dragon.
The acid dragon closely misses you. The acid dragon claws you.
* * * LOW HITPOINT WARNING * * *
Unknown command.
You hit the acid dragon.
The acid dragon is lightly wounded.
Your crimson imp hits the acid dragon but does no damage.
The acid dragon bites you!
You die...

#... #.# #... ... #... #.#
#.#. #.# #.#. #.# .. #.#.
#.####5###.... #.#.
#....D......# #.#.
###########@#### #.#.
..........#....# .#####.#.
#########.####.# .........
#..........# ######.#.
##.##.###### ........
#.##.###############.#.
###)............# #.#.
.................######..(
#######.#.................


You could see an acid dragon (slow, catching breath, ally target) and a friendly
crimson imp (summoned).

Vanquished Creatures
  An adder (D:2)
  An adder skeleton (D:4)
  A dart slug (D:3)
  An orc (D:3)
  A bat (D:2)
  7 endoplasms
  2 giant cockroaches
  3 hobgoblins (D:1)
  2 kobolds (D:1)
  2 quokkas
  12 ball pythons
  4 frilled lizards
  3 goblins (D:2)
  6 rats
46 creatures vanquished.

Vanquished Creatures (collateral kills)
  A bullfrog skeleton (D:3)
1 creature vanquished.

Vanquished Creatures (others)
  A plant (D:2)
1 creature vanquished.

Grand Total: 48 creatures vanquished

Notes
Turn   | Place    | Note
-------+----------+-------------------------------------------
     0 | D:1      | a3don the Djinni Hedge Wizard began the quest for the Orb.
     0 | D:1      | Reached XP level 1. HP: 15/15 MP: 0/0
   350 | D:1      | Reached skill level 1 in Fighting
   350 | D:1      | Reached XP level 2. HP: 18/22 MP: 0/0
  1448 | D:2      | Reached XP level 3. HP: 26/27 MP: 0/0
  1448 | D:2      | Learned a level 1 spell: Apportation
  1836 | D:2      | Reached skill level 3 in Spellcasting
  3131 | D:3      | Reached XP level 4. HP: 16/34 MP: 0/0
  3898 | D:3      | Noticed Grinder
  3901 | D:3      | Paralysed by Grinder for 5 turns
  4433 | D:4      | Noticed an acid dragon
  4447 | D:4      | Mangled by an acid dragon

Illustrated notes

Levels and vault maps discovered:
D:1:      lightli_arrival_statue_moat, layout_basic
D:2:      layout_basic, serial_forest, infiniplex_forest_lined_corner,
          infiniplex_forest_pool, infiniplex_forest_side_room,
          infiniplex_forest_clump_small, infiniplex_forest_clump_double,
          minmay_misc_feat_five, serial_park_tiny_pond,
          minmay_shallow_snake_nest
D:3:      layout_basic, lemuel_coloured_pillars_altar,
          hellmonk_ecumenical_altar_pennies_from_heaven, uniq_grinder,
          uniq_jessica, uniq_robin, uniq_ijyb
D:4:      layout_basic

Skill      XL: |  1  2  3 |
---------------+----------+-----
Fighting       | 1 2 |  2.7
Spellcasting   | 3 |  3.3
Dodging        | |  2.1
Stealth        | |  1.5

Action                   |  1- 3 |  4- 6 || total
-------------------------+-------+-------++-------
Melee: Dagger            |       |     3 ||     3
       Punch             |       |     1 ||     1
 Cast: Magic Dart        |    88 |    35 ||   123
       Call Imp          |     1 |     4 ||     5
       Slow              |       |     2 ||     2
  Use: Potion            |       |     1 ||     1
Armor: Robe              |     5 |       ||     5
Dodge: Dodged            |    14 |     8 ||    22

Table legend: (Time is in decaauts)
 A = Elapsed time spent in this place.
 B = Non-inter-level travel time spent in this place.
 C = Inter-level travel time spent in this place.
 D = Time resting spent in this place.
 E = Time spent auto-exploring this place.
 F = Levels seen in this place.
 G = Mean time per level.
                   A        B        C        D        E       F      G
               +--------+--------+--------+--------+--------+-----+--------+
         Total |   4448 |   4415 |     33 |   1459 |   2559 |   4 | 1112.0 |
       Dungeon |   4448 |   4415 |     33 |   1459 |   2559 |   4 | 1112.0 |
               +--------+--------+--------+--------+--------+-----+--------+

Top non-repeatable levels by time:
     D:2: 1943 daAuts
     D:1: 1140 daAuts
     D:3: 1101 daAuts
     D:4: 262 daAuts
